 Dungeon Crawl Stone Soup version 0.27-a0-1347-gd8886f0a89 (webtiles) character file.

Game seed: 2166961118751588106

52 dinky3 the Digger (level 3, -5/14 HPs)
             Began as a Felid Earth Elementalist on June 28, 2021.
             Killed by nerve-wracking pain
             ... invoked by an orc priest
              (13 damage)
             ... on level 4 of the Dungeon.
             The game lasted 00:03:41 (645 turns).

dinky3 the Digger (Felid Earth Elementalist)         Turns: 645, Time: 00:03:41

Health: -5/14      AC:  1    Str:  4    XL:     3   Next: 60%
Magic:  3/7        EV: 17    Int: 17    God:
Gold:   43         SH:  0    Dex: 16    Spells: 1/7 levels left
                                        Lives:  0   Deaths: 0

rFire    . . .     SeeInvis +   (weapon unavailable)
rCold    . . .     Faith    .   (shield unavailable)
rNeg     . . .     Spirit   .   (armour unavailable)
rPois    .         Reflect  .   (helmet unavailable)
rElec    .         Harm     .   (cloak unavailable)
rCorr    .         Rampage  .   (gloves unavailable)
Will     .....                  (boots unavailable)
Stlth    ++........             (no amulet)
HPRegen  0.04/turn              (no ring)
MPRegen  0.10/turn              (no ring)

@: quick
A: very small, claws 1, fangs 3, see invisible, speed 1, shaggy fur 1, stealthy
paws, no weapons or thrown items, no armour, multi-lived
a: no special abilities


You were on level 4 of the Dungeon.
You visited 1 branch of the dungeon, and saw 4 of its levels.

You collected 43 gold pieces.

Inventory:

Scrolls
 g - a scroll of amnesia
Potions
 c - a potion of brilliance {unknown}
 d - a potion of mutation {unknown}
 e - 2 potions of heal wounds {unknown}
 h - a potion of attraction {unknown}


   Skills:
 - Level 2.7 Dodging
 - Level 2.7 Stealth
 + Level 2.6 Spellcasting
 + Level 0.5 Conjurations
 - Level 1.1 Transmutations
 * Level 3.7 Earth Magic


You had one spell level left.
You knew the following spells:

 Your Spells              Type           Power      Damage    Failure   Level
a - Sandblast             Erth           28%        2d8       4%          1
b - Passwall              Tmut/Erth      8%         N/A       11%         2
c - Stone Arrow           Conj/Erth      18%        3d8       22%         3

Your spell library contained the following spells:

 Spells                   Type           Power      Damage    Failure   Level
 Petrify                  Tmut/Erth      10%        N/A       56%         4
 Lee's Rapid Deconstruct  Erth           7%         3d7*      73%         5


Dungeon Overview and Level Annotations

Branches:
Dungeon (4/15)
 Temple: D:4-7

Altars:


Innate Abilities, Weirdness & Mutations

You have sharp claws.
You have razor-sharp teeth.
You have supernaturally acute eyesight. (SInv)
You cover ground quickly. (Speed+)
You are covered in fur. (AC +1)
Your paws help you pounce on unaware monsters.
You are incapable of wielding weapons or throwing items.
You cannot wear armour.
You gain extra lives every three experience levels.


Message History

An orc and an orc priest come into view.
The orc priest shouts!
The orc shouts!
You hear a shout!
The adder hisses angrily.
You open the door. The endoplasm misses you.
There is an open door here.
The endoplasm closely misses you.
You open the door. The endoplasm barely misses you.
Found a stone staircase leading down.
Found 15 bolts.
There is an open door here.
The adder bites you.
You are lethally poisoned!
The adder poisons you!
As you read the scroll labelled MUOSMI BIACZYT, it crumbles to dust.
It is a scroll of identify.
g - a scroll of amnesia
* * * LOW HITPOINT WARNING * * *
You feel sick. The adder bites you.
* * * LOW HITPOINT WARNING * * *
Unknown command.
Okay, then.
It was a potion of curing.
You feel better. The adder misses you.
Okay, then.
You aren't carrying any items that you can evoke.
Casting: Sandblast (safe; 4% risk of failure)
Confirm with . or Enter, or press ? or * to list all spells.
Okay, then.
Casting: Sandblast (safe; 4% risk of failure)
Confirm with . or Enter, or press ? or * to list all spells.
The spell is potentially lethal to cast (22% risk of failure)!
Continue anyway? [Y]es or [N]o only, please.
The spell is potentially lethal to cast (22% risk of failure)!
Continue anyway?
Okay, then.
The adder closely misses you.
There is a stone staircase leading down here.
The adder closely misses you.
The orc priest mumbles some strange prayers to Beogh against you.
Pain shoots through your body!
Ouch! That really hurt!
You die...

########............#
+..#............#
#..'............#
####............###+#####
#..###'######............
........o....#...<.)......
.............#............
.........oSJ.#............
.....(....@..#............
###+##########............
.......<.##########
.........# .........#
.........# .........#
#####..... #.....


You could see an orc priest, an adder, an orc and an endoplasm.

Vanquished Creatures
  2 adders
  A dart slug (D:3)
  A bat (D:3)
  2 giant cockroaches
  A goblin (D:1)
  2 hobgoblins
  4 jackals
  6 ball pythons
  3 frilled lizards (D:3)
  5 kobolds
  3 rats
30 creatures vanquished.

Vanquished Creatures (others)
  7 plants (D:3)
7 creatures vanquished.

Grand Total: 37 creatures vanquished

Notes
Turn   | Place    | Note
-------+----------+-------------------------------------------
     0 | D:1      | dinky3 the Felid Earth Elementalist began the quest for the
                  | Orb.
     0 | D:1      | Reached XP level 1. HP: 7/7 MP: 4/4
    77 | D:1      | Reached skill level 3 in Earth Magic
   121 | D:2      | Reached XP level 2. HP: 7/11 MP: 3/6
   281 | D:2      | Learned a level 2 spell: Passwall
   410 | D:3      | Reached XP level 3. HP: 10/14 MP: 4/7
   420 | D:3      | Learned a level 3 spell: Stone Arrow
   645 | D:4      | Killed from afar by an orc priest

Illustrated notes

Levels and vault maps discovered:
D:1:      ncdulo_wetmaze, layout_basic, serial_forest,
          infiniplex_forest_lined_2, infiniplex_forest_diagonal,
          infiniplex_forest_end_2, infiniplex_forest_lined_2
D:2:      layout_loops_corners, hellmonk_ecumenical_altar_inner_sanctum,
          basic_altar
D:3:      layout_loops_cross, serial_forest, infiniplex_forest_clump_double,
          infiniplex_forest_lined_4_way, infiniplex_forest_clump_double,
          infiniplex_forest_lined_2, infiniplex_forest_split,
          infiniplex_forest_straight_2, infiniplex_forest_end_3,
          infiniplex_forest_lined_room_2
D:4:      layout_gridville, uniq_grinder, uniq_edmund, uniq_pikel, uniq_ijyb

Skill      XL: |  1 |
---------------+----+-----
Earth Magic    | 3 |  3.7
Dodging        | |  2.7
Stealth        | |  2.7
Spellcasting   | |  2.6
Conjurations   | |  0.5
Transmutations | |  1.1

Action                   || total
-------------------------++-------
Melee: Unarmed           ||    16
 Cast: Sandblast         ||    35
       Passwall          ||     2
  Use: Scroll            ||     1
       Potion            ||     1
 Stab: Sleeping          ||     2
Armor: Skin              ||     6
Dodge: Dodged            ||    49

Table legend: (Time is in decaauts)
 A = Elapsed time spent in this place.
 B = Non-inter-level travel time spent in this place.
 C = Inter-level travel time spent in this place.
 D = Time resting spent in this place.
 E = Time spent auto-exploring this place.
 F = Levels seen in this place.
 G = Mean time per level.
                   A        B        C        D        E       F      G
               +--------+--------+--------+--------+--------+-----+--------+
         Total |    535 |    535 |      0 |      0 |      0 |   4 |  133.8 |
       Dungeon |    535 |    535 |      0 |      0 |      0 |   4 |  133.8 |
               +--------+--------+--------+--------+--------+-----+--------+

Top non-repeatable levels by time:
     D:3: 253 daAuts
     D:2: 163 daAuts
     D:1: 84 daAuts
     D:4: 35 daAuts
